 Dungeon Crawl Stone Soup version 0.23.2-1-ga50397a6bc (webtiles) character file.

Game seed: 15484600387847320591

592 Mrkan the Basher (level 7, -1/61 HPs)
             Began as a Minotaur Berserker on May 14, 2019.
             Was a Priest of Trog.
             Slain by an unseen horror (8 damage)
             ... on level 5 of the Dungeon.
             The game lasted 00:12:12 (3383 turns).

Mrkan the Basher (Minotaur Berserker)               Turns: 3383, Time: 00:12:13

Health: -1/61      AC:  9    Str: 22    XL:     7   Next: 16%
Magic:  6/6        EV: 11    Int:  4    God:    Trog [***...]
Gold:   193        SH:  0    Dex: 11    Spells: 6/6 levels left

rFire    . . .     SeeInvis .   t - +0 whip
rCold    . . .     Gourm    .   (no shield)
rNeg     . . .     Faith    .   f - +0 ring mail
rPois    .         Spirit   .   k - +2 hat
rElec    .         Reflect  .   r - +0 cloak
rCorr    .         Harm     .   s - +0 pair of gloves
MR       .....                  (no boots)
Stlth    +.........             (no amulet)
HPRegen  0.20/turn              (no ring)
MPRegen  0.10/turn              (no ring)

@: no status effects
A: retaliatory headbutt, horns 2
a: Berserk, Trog's Hand, Renounce Religion


You were on level 5 of the Dungeon.
You worshipped Trog.
Trog was most pleased with you.
You were not hungry.

You visited 1 branch of the dungeon, and saw 5 of its levels.

You collected 193 gold pieces.

Inventory:

Hand Weapons
 a - a +0 mace
 q - a +2 quarterstaff of chaos
 t - a +0 whip (weapon)
 w - a +0 whip
 x - a +0 blowgun
Missiles
 o - 26 poisoned needles
 v - 3 curare-tipped needles
Armour
 b - a +0 animal skin
 f - a +0 ring mail (worn)
 k - a +2 hat (worn)
 r - a +0 cloak (worn)
 s - a +0 pair of gloves (worn)
 D - a +0 scale mail
Jewellery
 h - an uncursed ring of wizardry {unknown}
 i - an uncursed ring of positive energy {unknown}
 A - an uncursed ring of protection from cold {unknown}
 B - a cursed amulet of inaccuracy {unknown}
 C - an uncursed amulet of the acrobat {unknown}
Scrolls
 e - 8 scrolls of identify {unknown}
 j - 2 scrolls of amnesia {unknown}
 l - 7 scrolls of remove curse
 u - a scroll of blinking {unknown}
 y - 2 scrolls of enchant armour {unknown}
Potions
 d - a potion of haste {unknown}
 g - a potion of mutation {unknown}
 m - a potion of agility {unknown}
 n - a potion of curing {unknown}
 p - a potion of brilliance {unknown}
 z - a potion of cancellation {unknown}
 E - a potion of lignification {unknown}
Comestibles
 c - 12 rations


   Skills:
 + Level 5.2 Fighting
 * Level 9.2 Maces & Flails
 - Level 2.4 Armour
 - Level 2.1 Dodging
 - Level 0.1 Stealth


You had 6 spell levels left.
You didn't know any spells.
Your spell library was empty.

Dungeon Overview and Level Annotations

Branches:
Dungeon (5/15)             Temple (0/1) D:4

Altars:
Cheibriados
Nemelex Xobeh
Okawaru


Innate Abilities, Weirdness & Mutations

You reflexively headbutt those who attack you in melee.
You have a pair of horns on your head.


Message History

* * * LOW HITPOINT WARNING * * *
Something barely misses you.
You see here a morningstar.
Something hits you.
* * * LOW HITPOINT WARNING * * *
Something hits you.
* * * LOW HITPOINT WARNING * * *
Something hits you but does no damage.
You see here a morningstar.
Something barely misses you. Something hits you.
* * * LOW HITPOINT WARNING * * *
You hit something. Something hits you.
* * * LOW HITPOINT WARNING * * *
You barely miss something. Your headbutt misses something.
Something completely misses you.
You whack something! Your headbutt misses something.
Something hits you but does no damage.
You hit something. Something hits you!
You die...

### #<# #.#
#.# #.# #.#
#@# #{# #Z#
#.# #.#
.######.###
..........#
>.......#.#
..#.....#.#


You could see a hound skeleton.

Vanquished Creatures
  Menkaure (D:4)
  2 ogres (D:4)
  2 orc wizards (D:4)
  Crazy Yiuf (D:2)
  Natasha (twice) (D:2)
  2 worker ants (D:4)
  3 adders
  An ooze (D:2)
  An adder skeleton (D:4)
  A worm (D:3)
  4 dart slugs
  6 leopard geckos
  7 orcs
  5 giant cockroaches
  5 goblins
  9 hobgoblins
  4 jackals
  A quokka (D:3)
  9 bats
  3 frilled lizards
  A jackal skeleton (D:4)
  5 kobolds
  7 rats
82 creatures vanquished.

Notes
Turn   | Place    | Note
-------+----------+-------------------------------------------
     0 | D:1      | Mrkan the Minotaur Berserker began the quest for the Orb.
     0 | D:1      | Reached XP level 1. HP: 19/19 MP: 0/0
   173 | D:1      | Reached skill level 4 in Maces & Flails
   173 | D:1      | Reached XP level 2. HP: 18/27 MP: 1/1
   968 | D:2      | Reached XP level 3. HP: 30/33 MP: 2/2
  1139 | D:2      | Reached ** piety under Trog
  1227 | D:2      | Reached skill level 5 in Maces & Flails
  1345 | D:2      | Noticed Natasha
  1350 | D:2      | Killed Natasha
  1350 | D:2      | Reached XP level 4. HP: 27/41 MP: 3/3
  1373 | D:2      | Found a runed translucent door.
  1374 | D:2      | Noticed Crazy Yiuf
  1396 | D:2      | Found a sparkling altar of Nemelex Xobeh.
  1425 | D:2      | Killed Crazy Yiuf
  1466 | D:2      | Noticed Natasha
  1485 | D:2      | Reached skill level 6 in Maces & Flails
  1490 | D:2      | Killed Natasha
  1490 | D:2      | Reached XP level 5. HP: 17/47 MP: 4/4
  2208 | D:3      | Found a snail-covered altar of Cheibriados.
  2508 | D:4      | Reached skill level 7 in Maces & Flails
  2586 | D:4      | Reached *** piety under Trog
  2624 | D:4      | Reached XP level 6. HP: 52/55 MP: 5/5
  2681 | D:4      | Noticed Menkaure
  2687 | D:4      | Killed Menkaure
  2687 | D:4      | Reached skill level 5 in Fighting
  2687 | D:4      | Reached skill level 8 in Maces & Flails
  2800 | D:4      | You fall through a shaft!
  2800 | D:5      | Entered Level 5 of the Dungeon
  2806 | D:5      | Found an iron altar of Okawaru.
  2965 | D:4      | Found a staircase to the Ecumenical Temple.
  2993 | D:4      | Reached skill level 9 in Maces & Flails
  2993 | D:4      | Reached XP level 7. HP: 33/61 MP: 6/6
  3383 | D:5      | Slain by an unseen horror

Skill      XL: |  1  2  3  4  5  6 |
---------------+-------------------+-----
Fighting       | 4 5 |  5.2
Maces & Flails | 4 5 6 7 9 |  9.2
Armour         | |  2.4
Dodging        | |  2.1
Stealth        | |  0.1

Action                   |  1- 3 |  4- 6 |  7- 9 || total
-------------------------+-------+-------+-------++-------
Melee: Mace              |    90 |    16 |       ||   106
       Headbutt          |    12 |    29 |     3 ||    44
       Whip              |       |   109 |    18 ||   127
  Use: Scroll            |       |     2 |       ||     2
  Eat: Chunk             |     1 |     5 |     2 ||     8
Armor: Animal skin       |    11 |       |       ||    11
       Ring mail         |    34 |    42 |     6 ||    82
Dodge: Dodged            |    56 |    57 |    10 ||   123
